 Dungeon Crawl Stone Soup version 0.30.1-3-gfc49f6343a (webtiles) character file.

Game seed: 17292527788658990019

44 CaptainMV the Charlatan (level 3, -1/26 HPs)
             Began as a Demonspawn Wanderer on July 20, 2023.
             Slain by an adder (2 damage)
             ... on level 2 of the Dungeon.
             The game lasted 00:13:47 (867 turns).

CaptainMV the Charlatan (Demonspawn Wanderer)        Turns: 867, Time: 00:13:48

Health: -1/26      AC:  7    Str: 13    XL:     3   Next: 41%
Magic:  0/14       EV: 12    Int: 14    God:
Gold:   27         SH:  0    Dex: 12    Spells: 1/5 levels left

rFire   . . .        a - +0 dagger
rCold   . . .        (no shield)
rNeg    . . .        d - +2 leather armour
rPois   .            (no helmet)
rElec   .            (no cloak)
rCorr   .            (no gloves)
SInv    .            (no boots)
Will    .....        (no amulet)
Stlth   +            l - ring of magical power
HPRegen 0.24/turn    (no ring)
MPRegen 0.14/turn

%: no passive effects
@: no status effects
A: slimy green scales 1
a: no special abilities


You were on level 2 of the Dungeon.
You visited 1 branch of the dungeon, and saw 2 of its levels.

You collected 27 gold pieces.

Inventory:

Hand Weapons
 a - a +0 dagger (weapon)
 e - a +0 club
Missiles
 h - 5 poisoned darts
Armour
 d - a +2 leather armour (worn)
Jewellery
 l - a ring of magical power (left hand)
 m - a ring of protection from fire
Scrolls
 c - 2 scrolls of teleportation
 f - 3 scrolls of identify {unknown}
 g - a scroll of vulnerability {unknown}
 j - a scroll of magic mapping {unknown}
Potions
 i - a potion of ambrosia {unknown}
 k - a potion of cancellation {unknown}
Miscellaneous
 b - a piece from Xom's chessboard (12/15) (quivered)


   Skills:
 + Level 1.0 Fighting
 + Level 0.6 Short Blades
 + Level 0.6 Armour
 + Level 2.9 Dodging
 + Level 1.0 Stealth
 + Level 1.8 Spellcasting
 + Level 1.7 Earth Magic
 + Level 3.0 Evocations


You had one spell level left.
You knew the following spells:

 Your Spells              Type           Power      Damage    Failure   Level
a - Sandblast             Erth           12%        2d6       16%         1
b - Stone Arrow           Conj/Erth      6%         3d7       54%         3

Your spell library contained the following spells:

 Spells                   Type           Power      Damage    Failure   Level


Dungeon Overview and Level Annotations

Branches:
Dungeon (2/15)

Altars:


Innate Abilities, Weirdness & Mutations

You are partially covered in slimy green scales. (AC +2)


Message History

Press: ? - help, Shift-Dir - straight line, f/p - adder
Aim: an adder (lightly wounded, strong, 68% to hit)
The blast of sand misses the adder.
The adder closely misses you. The adder completely misses you.
The kobold throws a stone.
The stone hits you.
You closely miss the adder.
The adder is lightly wounded.
The adder closely misses you.
You closely miss the adder.
The adder is lightly wounded.
The adder bites you but does no damage. The kobold barely misses you.
The adder closely misses you.
You hit the adder.
The adder is moderately wounded.
The adder bites you. The kobold hits you with a +0 whip.
* * * LOW HITPOINT WARNING * * *
You closely miss the adder.
The adder is moderately wounded.
The adder bites you but does no damage. The kobold hits you with a +0 whip.
* * * LOW HITPOINT WARNING * * *
Casting: Sandblast (safe; 16% risk of failure)
Confirm with . or Enter, or press ? or * to list all spells.
Aiming: Sandblast (safe; 16% risk of failure)
Press: ? - help, Shift-Dir - straight line, f/p - adder
Aim: an adder (moderately wounded, strong, 68% to hit)
The blast of sand hits the adder!
The adder is almost dead.
The adder barely misses you. The kobold misses you.
The adder completely misses you.
You closely miss the adder.
The adder is almost dead.
The adder barely misses you. The kobold hits you with a +0 whip.
* * * LOW HITPOINT WARNING * * *
You miss the adder.
The adder is almost dead.
The adder closely misses you. The kobold closely misses you.
The adder bites you but does no damage.
You miss the adder.
The adder is almost dead.
The kobold barely misses you. The adder bites you.
You die...

#....... .......#
#......# #####......#
#..........#
#...(.......
#...SK..# #...@...#
#.......# #....)..#
#....†..# ###
#.......####### #.[
#.............# #..
#.............# #..
#######....♣..#####..
#....P..†......


You could see an adder (strong) and a kobold.

Vanquished Creatures
  A worm (D:2)
  3 dart slugs (D:1)
  4 endoplasms
  A giant cockroach (D:1)
  6 goblins
  3 hobgoblins
  2 kobolds (D:1)
  2 quokkas
  2 ball pythons
  6 bats (D:1)
  2 frilled lizards (D:1)
  2 rats
34 creatures vanquished.

Notes
Turn   | Place    | Note
-------+----------+-------------------------------------------
     0 | D:1      | CaptainMV the Demonspawn Wanderer began the quest for the
                  | Orb.
     0 | D:1      | CaptainMV set off with the following items: a +0 club, a
                  | piece from Xom's chessboard (15/15), a scroll of
                  | teleportation, a +2 leather armour; and the following spell
                  | memorised: Sandblast; and the following spells available to
                  | memorise: Stone Arrow.
     0 | D:1      | Reached XP level 1. HP: 15/15 MP: 2/2
   145 | D:1      | Gained mutation: You are partially covered in slimy green
                  | scales. (AC +2) [demonic ancestry]
   145 | D:1      | Reached XP level 2. HP: 21/21 MP: 0/4
   354 | D:1      | Reached XP level 3. HP: 26/26 MP: 5/5
   795 | D:2      | Found a faded altar of an unknown god.
   832 | D:2      | Learned a level 3 spell: Stone Arrow
   865 | D:2      | HP: 1/26 [kobold/+0 whip (3)]
   867 | D:2      | Slain by an adder

Illustrated notes

Levels and vault maps discovered:
D:1:      minmay_arrival_jagged, layout_basic, serial_bayou_crossing
D:2:      layout_basic, ebering_ecumenical_altar_petrified,
          chequers_decorated_corner, patterned_corridor

Action                     || total
---------------------------++-------
  Melee: Dagger            ||   157
         Punch             ||     2
   Cast: Sandblast         ||    30
  Evoke: Piece from Xom's  ||     4
   Stab: Petrifying        ||     1
 Armour: Leather armour    ||    70
  Dodge: Dodged            ||   122
